Map: [ESL] Waterfall

Players

MaNa

  • Race: Protoss Protoss
  • Spawn Location: 7:00

Hellraiser - Winner!

  • Race: Protoss Protoss
  • Spawn Location: 1:00

Event: DreamHack SC2 Masters 2022 Atlanta (Online)

VOD

Have the link to the VOD?

Description

Time

  • Played on: Oct. 7, 2022, 1:30 p.m.
  • Length: 7:24

All games in this series

Show
View Real Time Build Order
Export as new Build Order

MaNa Protoss 

Build Orders: Oracle Opening, Phoenix Opening 

Get SALT Encoding   

  12  0:00  Probe  
  13  0:12  Probe  
  14  0:17  Pylon  
  14  0:24  Probe  
  15  0:35  Gateway  
  15  0:37  Probe (Chrono Boost)  
  16  0:47  Probe (Chrono Boost), Assimilator  
  17  0:52  Probe (Chrono Boost)  
  18  1:04  Probe (Chrono Boost)  
  19  1:05  Assimilator  
  19  1:07  Pylon  
  19  1:13  Probe (Chrono Boost)  
  20  1:18  Probe (Chrono Boost)  
  20  1:24  Cybernetics Core  
  21  1:30  Probe  
  24  1:32  Zealot  
  24  1:42  Probe  
  25  1:54  Probe, Pylon  
  26  2:02  Stargate  
  26  2:06  Probe  
  27  2:09  Warp Gate  
  30  2:25  Probe  
  30  2:34  Nexus  
  28  2:43  Cybernetics Core  
  28  2:49  Oracle (Chrono Boost)  
  31  2:59  Pylon  
  31  3:05  Shield Battery  
  31  3:10  Probe  
  31  3:15  Gateway  
  31  3:19  Phoenix  
  33  3:28  Probe  
  34  3:40  Probe  
  35  3:44  Phoenix (Chrono Boost)  
  35  3:46  Probe  
  38  3:53  Probe  
  39  3:58  Probe  
  39  4:02  Phoenix (Chrono Boost)  
  38  4:05  Probe  
  41  4:11  Probe, Stalker x2  
  41  4:16  Pylon  
  46  4:17  Probe  
  48  4:24  Phoenix  
  48  4:26  Probe (Chrono Boost)  
  48  4:29  Pylon  
  48  4:31  Probe (Chrono Boost)  
  48  4:41  Probe (Chrono Boost)  
  48  4:43  Probe (Chrono Boost)  
  49  4:49  Phoenix (Chrono Boost)  
  48  5:03  Probe  
  45  5:12  Phoenix (Chrono Boost), Probe  
  44  5:15  Assimilator  
  44  5:16  Assimilator  
  42  5:22  Probe  
  42  5:25  Probe  
  42  5:27  Stargate  
  44  5:34  Probe  
  45  5:36  Shield Battery  
  45  5:37  Probe  
  45  5:39  Nexus  
  45  5:40  Pylon  
  46  5:43  Phoenix (Chrono Boost)  
  46  5:46  Probe  
  46  5:49  Probe  
  50  5:59  Probe  
  50  6:01  Probe  
  54  6:05  Phoenix (Chrono Boost)  
  54  6:09  Phoenix (Chrono Boost)  
  54  6:11  Probe  
  57  6:13  Zealot  
  57  6:14  Probe  
  60  6:18  Pylon  
  60  6:23  Probe  
  60  6:25  Phoenix (Chrono Boost)  
  65  6:34  Zealot x2  
  65  6:39  Shield Battery  
  67  6:46  Phoenix (Chrono Boost)  
  61  6:49  Shield Battery  
  58  7:01  Zealot  
Show
View Real Time Build Order
Export as new Build Order

Hellraiser Protoss - Winner!

Build Orders: Phoenix Opening 

Get SALT Encoding   

  12  0:00  Probe  
  13  0:12  Probe  
  14  0:18  Pylon  
  14  0:24  Probe (Chrono Boost)  
  15  0:37  Probe (Chrono Boost)  
  15  0:38  Gateway  
  16  0:45  Probe (Chrono Boost)  
  16  0:46  Assimilator  
  17  0:51  Probe  
  17  0:56  Assimilator  
  18  1:03  Probe (Chrono Boost)  
  19  1:06  Pylon  
  19  1:13  Probe (Chrono Boost)  
  19  1:18  Probe (Chrono Boost)  
  21  1:26  Cybernetics Core  
  21  1:29  Probe  
  22  1:54  Probe  
  22  1:56  Pylon  
  22  1:58  Zealot  
  25  2:06  Stargate, Probe  
  26  2:10  Pylon  
  26  2:18  Probe  
  27  2:28  Warp Gate  
  27  2:30  Probe  
  27  2:36  Stalker  
  30  2:45  Probe  
  30  2:49  Phoenix (Chrono Boost)  
  33  2:57  Probe  
  34  3:07  Shield Battery  
  34  3:10  Phoenix (Chrono Boost)  
  36  3:15  Nexus  
  37  3:29  Probe  
  37  3:30  Pylon  
  37  3:41  Probe  
  38  3:47  Phoenix (Chrono Boost)  
  38  3:48  Robotics Facility  
  40  3:53  Probe  
  41  4:05  Phoenix, Probe  
  44  4:17  Probe  
  44  4:20  Gateway  
  45  4:26  Stalker  
  45  4:29  Probe  
  48  4:36  Immortal (Chrono Boost)  
  49  4:40  Probe  
  49  4:43  Probe  
  53  4:52  Probe  
  53  4:56  Probe  
  50  5:01  Stalker  
  50  5:04  Probe  
  51  5:08  Probe  
  50  5:15  Gateway  
  50  5:16  Probe  
  50  5:18  Gateway  
  50  5:20  Probe  
  52  5:27  Gateway  
  52  5:28  Gateway, Probe  
  52  5:31  Observer (Chrono Boost)  
  52  5:33  Stalker  
  56  5:35  Stalker  
  56  5:41  Pylon  
  58  5:44  Warp Prism (Chrono Boost)  
  60  5:54  Pylon  
  60  5:58  Pylon  
  60  5:59  Stalker x2  
  64  6:04  Pylon  
  64  6:13  Stalker x2  
  68  6:20  Pylon  
  68  6:26  Pylon  
  68  6:31  Stalker x2  
  72  6:32  Zealot x2  
  76  6:42  Stalker  
  76  6:48  Stalker  
  68  7:01  Stalker  
  68  7:02  Zealot x3  
  76  7:11  Stalker  
Tags
 
Add a new tag
Caveats
  • Supply blocks, unpowered buildings, or Contaminate may cause inaccurate times.
  • Supply counts are checked every 10 seconds.